AoeStats
← bar

Arabia

507549493Analyzed
4v4 RM · 14d ago on Sep 18, 2026· 43m 38s· 8 players
Game mode
Random Map
Map size
Large (8 player)
Population
200
Speed
Normal
Resources
Standard
Victory
Conquest
Starting age
Dark Age
Ending age
Imperial Age
RankedLock teamsTeams togetherTeam positionsShared explorationLock speedFull tech treeHidden civsTurbo modeCheats
Victory
Defeat
🇹🇷 Huns · Türkiye
904
+11
🇹🇷 Franks · Türkiye
896
+11
🇹🇷 Burgundians · Türkiye
886
+12
🇹🇷 Huns · Türkiye
753
+17
🇸🇪 Maya · Sweden
836
-15
🇹🇷 Italians · Türkiye
787
-13
🇫🇷 Mongols · France
783
-13
🇬🇷 Slavs · Greece
727
-10
TireurFou
4:08 Loom
ricksanchez
0:49 Loom
12:33 Feudal Age
15:53 Wheelbarrow
16:08 Double-Bit Axe
19:10 Castle Age
17:34 Stone Mining
18:52 Fletching
19:03 Padded Archer Armor
18:47 Horse Collar
19:01 Gold Mining
22:07 Bow Saw
24:04 Stone Shaft Mining
23:47 Leather Archer Armor
26:25 Heavy Plow
27:41 Hand Cart
28:31 Town Watch
28:30 Pikeman
29:10 Squires
28:56 Arson
35:00 Imperial Age
35:43 Town Patrol
35:41 Bodkin Arrow
36:17 Ring Archer Armor
35:57 Forging
36:57 Conscription
38:44 Holcans
40:41 Halberdier
42:23 Iron Casting
41:48 Scale Mail Armor
41:49 Bracer
careems.ea
0:30 Loom
12:49 Feudal Age
13:53 Double-Bit Axe
14:30 Horse Collar
16:09 Wheelbarrow
18:24 Arson
22:19 Scale Mail Armor
26:06 Castle Age
27:37 Bow Saw
28:34 Squires
27:57 Pikeman
28:02 Crossbowman
29:03 Thumb Ring
29:11 Gold Mining
29:30 Town Watch
31:51 Stone Mining
32:03 Heavy Plow
33:55 Town Patrol
35:05 Treadmill Crane
36:43 Stone Shaft Mining
37:34 Hand Cart
&===()=Yoritomo====-
12:23 Loom
16:16 Feudal Age
19:05 Man-at-Arms
21:57 Castle Age
20:13 Scale Mail Armor
21:03 Forging
21:04 Horse Collar
21:40 Gold Mining
22:10 Long Swordsman
24:34 Chain Mail Armor
24:16 Double-Bit Axe
30:22 Murder Holes
30:42 Masonry
30:54 Ballistics
30:39 Fletching
34:43 Imperial Age
33:16 Bodkin Arrow
36:40 Bow Saw
37:43 Plate Mail Armor
37:53 Iron Casting
40:20 Wheelbarrow
41:01 Pikeman
42:41 Squires
ÇAKIR
11:42 Feudal Age
12:08 Horse Collar
12:15 Double-Bit Axe
15:02 Town Watch
15:54 Wheelbarrow
16:21 Gold Mining
18:03 Forging
20:35 Scale Barding Armor
20:42 Forging
24:50 Castle Age
25:59 Chain Barding Armor
26:15 Iron Casting
25:10 Light Cavalry
26:04 Heavy Plow
26:49 Bow Saw
26:41 Husbandry
30:15 Town Patrol
30:35 Hand Cart
36:05 Caravan
39:52 Imperial Age
42:35 Plate Barding Armor
43:01 Blast Furnace
41:24 Cavalier
41:33 Hussar
CHR1453
10:59 Feudal Age
11:32 Double-Bit Axe
17:56 Bow Saw
23:37 Castle Age
21:47 Gold Mining
21:57 Stone Mining
22:22 Forging
23:24 Gold Shaft Mining
23:29 Stone Shaft Mining
22:50 Horse Collar
23:59 Scale Barding Armor
29:59 Wheelbarrow
31:01 Hand Cart
31:36 Town Watch
33:18 Town Patrol
32:48 Cavalier
36:50 Two-Man Saw
35:54 Heavy Plow
bar
0:56 Loom
11:54 Feudal Age
12:43 Town Watch
14:57 Wheelbarrow
17:48 Double-Bit Axe
18:04 Horse Collar
19:37 Gold Mining
19:38 Stone Mining
30:11 Castle Age
29:59 Scale Barding Armor
30:05 Forging
30:27 Bloodlines
30:23 Light Cavalry
31:43 Chain Barding Armor
31:46 Husbandry
33:45 Heavy Plow
34:00 Bow Saw
36:03 Hand Cart
36:20 Town Patrol
37:18 Gold Shaft Mining
36:51 Marauders
37:47 Iron Casting
45:56 Imperial Age
Must_61
0:44 Loom
11:14 Feudal Age
15:19 Castle Age
14:02 Double-Bit Axe
16:26 Bow Saw
18:27 Town Watch
22:17 Wheelbarrow
24:27 Hand Cart
25:45 Town Patrol
26:29 Gold Mining
28:46 Stone Mining
32:01 Imperial Age
29:55 Town Patrol
30:12 Husbandry
30:53 Gold Shaft Mining
30:32 Forging
31:12 Scale Barding Armor
32:24 Iron Casting
32:10 Cavalier
33:21 Chain Barding Armor
33:27 Conscription
34:54 Blast Furnace
33:42 Paladin
36:07 Plate Barding Armor
Connection lost

Rejoining the realm…

Still unreachable

The connection could not be restored.

Session expired

The server has moved on; the page needs a fresh start.